 Dungeon Crawl Stone Soup version 0.29-a0-275-g389c0b56f3 (webtiles) character file.

Game seed: 5488975732313754715

12077 kae the Grappler (level 11, -2/110 HPs)
             Began as a Pale Draconian Transmuter on Mar 10, 2022.
             Was an Initiate of Ru.
             Slain by a stone giant (27 damage)
             ... on level 10 of the Dungeon.
             The game lasted 00:08:40 (15288 turns).

kae the Grappler (Pale Draconian Transmuter)       Turns: 15288, Time: 00:08:41

Health: -2/110     AC:  9    Str: 12    XL:     11   Next: 57%
Magic:  19/20      EV: 15    Int: 21    God:    Ru [......]
Gold:   1015       SH:  0    Dex: 11    Spells: 14/22 levels left

rFire   x . .      SeeInvis .     - Unarmed
rCold   + + +      Faith    .   (shield currently unavailable)
rNeg    + . .      Spirit   .   (body armour unavailable)
rPois   +          Reflect  .   (helmet currently unavailable)
rElec   .          Harm     .   (cloak currently unavailable)
rCorr   .          Rampage  .   (gloves currently unavailable)
Will    +....                   (boots currently unavailable)
Stlth   +.........              (no amulet)
HPRegen 0.28/turn               A - ring of Eptud {Will+ EV+4}
MPRegen 0.17/turn               x - ring of Teuh Vycva {Wiz rPois rN+ Int+2}

@: ice-form, slowed, very slow
A: freezing attack, amphibious, boosted hp, (breathe steam), AC +7, large,
unfitting armour, screaming 1, (cold-blooded), (steam resistance)
a: End Transformation, Renounce Religion, Sacrifice Words, Sacrifice Nimbleness,
Sacrifice Resistance, Reject Sacrifices


You were on level 10 of the Dungeon.
You worshipped Ru.
Ru was noncommittal.
You were a creature of crystalline ice.
You visited 2 branches of the dungeon, and saw 11 of its levels.

You collected 1015 gold pieces.

Inventory:

Jewellery
 b - a +4 ring of evasion
 g - a ring of flight
 o - a ring of resist corrosion
 v - a +6 ring of intelligence
 w - the ring "Gousos" {rC+ MP+9 Slay+3}
   (You took it off a centaur warrior on level 8 of the Dungeon)

   [ring of magical power]

   Slay:      It affects your accuracy & damage with ranged weapons and melee
   (+3).
   rC:        It protects you from cold.
   MP:        It affects your magic capacity (+9).
 x - the ring of Teuh Vycva (right front paw) {Wiz rPois rN+ Int+2}
   (You took it off a centaur warrior on level 8 of the Dungeon)

   [ring of wizardry]

   It improves your spell success rate.
   Int:       It affects your intelligence (+2).
   rPois:     It protects you from poison.
   rN:        It protects you from negative energy.
 z - the ring "Deamuric" {Fire Will- rCorr Int+2 Stlth+}
   (You found it on level 8 of the Dungeon)

   [ring of fire]

   It enhances your fire magic.
   Int:       It affects your intelligence (+2).
   rF:        It protects you from fire.
   rC:        It makes you vulnerable to cold.
   rCorr:     It protects you from acid and corrosion.
   Will:      It decreases your willpower.
   Stlth:     It makes you more stealthy.
 A - the ring of Eptud (left front paw) {Will+ EV+4}
   (You took it off an efreet on level 8 of the Dungeon)

   [ring of evasion]

   EV:        It affects your evasion (+4).
   Will:      It increases your willpower.
Wands
 m - a wand of polymorph (5)
 s - a wand of charming (1)
Scrolls
 c - a scroll of amnesia
 d - 5 scrolls of teleportation
 e - a scroll of magic mapping
 k - 2 scrolls of fog
 l - 3 scrolls of vulnerability
 u - a scroll of enchant weapon
 y - a scroll of silence
Potions
 a - 3 potions of lignification
 f - 5 potions of curing
 h - 2 potions of mutation
 i - 6 potions of degeneration
 j - a potion of berserk rage
 n - a potion of ambrosia
 p - 2 potions of attraction
 q - a potion of cancellation
 r - 2 potions of heal wounds
 t - a potion of haste


   Skills:
 + Level 7.4 Fighting
 + Level 6.3 Dodging
 * Level 10.0 Unarmed Combat
 + Level 6.4 Spellcasting
 * Level 9.8 Transmutations
 - Level 5.0 Ice Magic
 - Level 2.0 Poison Magic


You had 14 spell levels left.
You knew the following spells:

 Your Spells              Type           Power      Damage    Failure   Level
a - Beastly Appendage     Tmut           96%        N/A       1%          1
b - Spider Form           Tmut/Pois      31%        N/A       1%          3
c - Ice Form              Ice/Tmut       38%        N/A       1%          4

Your spell library contained the following spells:

 Spells                   Type           Power      Damage    Failure   Level
 Wereblood                Tmut           48%        N/A       1%          2
 Ozocubu's Armour         Ice            27%        N/A       1%          3
 Shock                    Conj/Air       24%        1d4       4%          1
 Summon Small Mammal      Summ           24%        N/A       4%          1
 Call Canine Familiar     Summ           6%         N/A       12%         3
 Confusing Touch          Hex            6%         N/A       12%         3
 Dazzling Flash           Conj/Hex       12%        N/A       12%         3
 Summon Guardian Golem    Hex/Summ       6%         N/A       12%         3
 Yara's Violent Unravell  Hex/Tmut       13%        3d7       14%         5
 Airstrike                Air            3%         N/A       34%         4
 Summon Lightning Spire   Summ/Air       6%         N/A       34%         4
 Metabolic Englaciation   Hex/Ice        8%         N/A       34%         5
 Eringya's Noxious Bog    Tmut/Pois      15%        N/A       43%         6
 Freezing Cloud           Conj/Ice/Air   6%         6-21      45%         5
 Agony                    Necr           6%         N/A       67%         5
 Lightning Bolt           Conj/Air       3%         1d14      67%         5
 Silence                  Hex/Air        3%         N/A       67%         5
 Simulacrum               Ice/Necr       8%         N/A       87%         6
 Enfeeble                 Hex            3%         N/A       100%        7
 Maxwell's Capacitive Co  Air            3%         ∞         100%        8


Dungeon Overview and Level Annotations

Branches:
Dungeon (10/15)            Temple (1/1) D:6
   Lair: D:8-11         Orc: D:9-12

Altars:
Ashenzari
Cheibriados
Dithmenos
Elyvilon
Fedhas
Gozag
Hepliaklqana
Kikubaaqudgha
Makhleb
Nemelex Xobeh
Okawaru
Qazlal
Ru
Sif Muna
Trog
Uskayaw
Vehumet
Wu Jian
Xom
Yredelemnul
Zin
The Shining One
Beogh

Shops:
D:5 [

Annotations:
D:8 3 runed translucent doors


Innate Abilities, Weirdness & Mutations

You are a creature of crystalline ice.
You have a powerful freezing melee attack.
You are amphibious.
Your maximum health is increased.
Your armour is entirely melded.
You are incapable of wielding weapons or throwing items.
((You can breathe blasts of scalding, opaque steam.))
((Your pale cyan-grey scales are hard. (AC +7)))
You cannot fit into any form of body armour.
You occasionally shout uncontrollably at your foes.
((You are cold-blooded and may be slowed by cold attacks.))
((You are immune to the effects of steam.))


Message History

You feel as though you will be slow longer.
You are too injured to fight recklessly!
You are too injured to fight recklessly!
You pummel the wraith!! You freeze the wraith.
You destroy the wraith!
The stone giant barely misses you.
You are too injured to fight recklessly!
You are too injured to fight recklessly!
You punch the stone giant! You freeze the stone giant.
The stone giant is lightly wounded.
The stone giant hits you but does no damage.
You punch the stone giant! You freeze the stone giant.
The stone giant is moderately wounded.
The stone giant completely misses you.
You are too injured to fight recklessly!
You are too injured to fight recklessly!
You punch the stone giant! You freeze the stone giant.
The stone giant is heavily wounded.
The stone giant hits you.
You are too injured to fight recklessly!
You are too injured to fight recklessly!
You hit the stone giant but do no damage.
The stone giant is heavily wounded.
The stone giant hits you!!
You hit the stone giant but do no damage.
The stone giant is heavily wounded.
The stone giant hits you!!!
* * * LOW HITPOINT WARNING * * *
The stone giant hits you but does no damage.
You are too injured to fight recklessly!
You are too injured to fight recklessly!
You hit the stone giant. You freeze the stone giant.
The stone giant is heavily wounded.
The stone giant hits you!
* * * LOW HITPOINT WARNING * * *
You hit the stone giant. You freeze the stone giant.
The stone giant is heavily wounded.
The stone giant closely misses you.
You feel much better. The stone giant hits you!!
You die...

#############
............##############
#.......##..##..YC{..'c#.#
#.8..########.#########..#
..##........'.#[?+sC§W§###
..##........'.#($+yC.Wc
#.8..########.#########
#.......##..##.......+
............##########
#############


You could see a stone giant and a centaur.

Vanquished Creatures
  A hydra (D:8)
  4 two-headed ogres
  2 centaur warriors (D:8)
  The ghost of DEFE the Slicer, a novice OpFi (D:8)
  Pikel (D:5)
  A deep elf pyromancer (D:8)
  An ugly thing (D:8)
  A manticore (D:10)
  A cyclops (D:8)
  An efreet (D:8)
  A troll (D:9)
  Grinder (D:4)
  2 slime creatures (D:8)
  Sigmund (D:4)
  A wraith (D:10)
  A wyvern (D:8)
  5 yaks
  2 steam dragons
  An acid dragon (D:9)
  A water moccasin (D:9)
  4 black bears
  2 ice beasts
  3 orc warriors
  2 ogres
  4 centaurs
  3 lemures
  A phantom (D:4)
  A necrophage (D:5)
  2 gnoll sergeants
  3 bullfrogs
  2 scorpions
  A killer bee (D:8)
  4 howler monkeys
  6 hounds
  2 jellies
  6 orc priests
  A gnoll shaman (D:9)
  An iguana (D:4)
  4 orc wizards
  12 gnolls
  4 adders
  A shadow imp (D:5)
  A white imp (D:5)
  5 worms
  2 dart slugs
  24 orcs
  5 bats
  7 endoplasms
  6 giant cockroaches
  8 goblins
  6 hobgoblins
  4 quokkas
  10 ball pythons
  4 frilled lizards
  3 kobolds
  11 rats
195 creatures vanquished.

Notes
Turn   | Place    | Note
-------+----------+-------------------------------------------
     0 | D:1      | kae the Draconian Transmuter began the quest for the Orb.
     0 | D:1      | Reached XP level 1. HP: 16/16 MP: 3/3
   251 | D:1      | Reached XP level 2. HP: 20/23 MP: 3/5
   513 | D:1      | Found a faded altar of an unknown god.
  1293 | D:2      | Reached XP level 3. HP: 29/29 MP: 4/6
  1499 | D:2      | Learned a level 3 spell: Spider Form
  2664 | D:3      | Reached XP level 4. HP: 31/36 MP: 7/7
  2738 | D:3      | Found a large runed translucent door.
  2739 | D:3      | Found a large runed translucent door.
  2767 | D:3      | Reached skill level 1 in Poison Magic
  3557 | D:3      | Found a shadowy altar of Dithmenos.
  3560 | D:3      | Found a snail-covered altar of Cheibriados.
  3761 | D:4      | Noticed Sigmund
  3766 | D:4      | Reached XP level 5. HP: 41/41 MP: 6/8
  3894 | D:4      | Killed Sigmund
  3895 | D:4      | Reached skill level 4 in Unarmed Combat
  3895 | D:4      | Reached XP level 6. HP: 44/50 MP: 6/9
  3946 | D:4      | Learned a level 4 spell: Ice Form
  4179 | D:4      | Found a hide-covered altar of Uskayaw.
  4215 | D:4      | Noticed Grinder
  4229 | D:4      | HP: 2/50 [Grinder/nerve-wracking pain (9)]
  5033 | D:4      | Reached skill level 1 in Ice Magic
  5126 | D:4      | Your scales start taking on a pale cyan-grey colour.
  5126 | D:4      | Reached XP level 7. HP: 51/57 MP: 8/11
  5126 | D:4      | Gained mutation: You are immune to the effects of steam.
                  | [Pale Draconian growth]
  5212 | D:5      | Entered Level 5 of the Dungeon
  5225 | D:5      | Noticed Pikel
  5594 | D:5      | Killed Pikel
  5595 | D:5      | Reached skill level 5 in Unarmed Combat
  5614 | D:5      | Reached XP level 8. HP: 50/63 MP: 10/12
  5771 | D:5      | Reached skill level 5 in Transmutations
  6284 | D:5      | Found Ysagasys's Antique Armour Shop.
  6970 | D:4      | Killed Grinder
  6971 | D:4      | Reached skill level 6 in Unarmed Combat
  7046 | D:4      | Found a hide-covered altar of Uskayaw.
  7690 | D:6      | Reached XP level 9. HP: 65/72 MP: 11/15
  7949 | D:6      | Reached skill level 5 in Ice Magic
  8017 | D:6      | Found a staircase to the Ecumenical Temple.
  8093 | Temple   | Entered the Ecumenical Temple
  8313 | Temple   | Became a worshipper of Ru the Awakened
  8352 | D:6      | Identified a scroll of acquirement
  8352 | D:6      | Acquired 487 gold pieces
  8662 | D:6      | Reached skill level 7 in Unarmed Combat
  8923 | D:7      | Reached skill level 5 in Fighting
  9413 | D:7      | Got the Incunabulum of Floating Envenoming
  9614 | D:8      | Noticed a two-headed ogre
  9630 | D:8      | Killed a two-headed ogre
  9918 | D:8      | Reached XP level 10. HP: 81/81 MP: 12/17
 10069 | D:8      | Gained mutation: You occasionally shout uncontrollably at
                  | your foes. [Ru sacrifice]
 10434 | D:8      | Identified the ring "Gousos" {rC+ MP+9 Slay+3}
 10434 | D:8      | Noticed a centaur warrior
 10444 | D:8      | HP: 4/97 [centaur warrior (6)]
 10446 | D:8      | Killed a centaur warrior
 10447 | D:8      | Reached skill level 5 in Dodging
 10447 | D:8      | Reached skill level 8 in Unarmed Combat
 10447 | D:8      | Reached skill level 5 in Spellcasting
 10775 | D:8      | Noticed a green ugly thing
 10788 | D:8      | Killed a green ugly thing
 10834 | D:8      | Noticed a six-headed hydra
 10853 | D:8      | Identified the ring of Teuh Vycva {Wiz rPois rN+ Int+2}
 10853 | D:8      | Noticed a centaur warrior
 10856 | D:8      | Killed a six-headed hydra
 10857 | D:8      | Identified the ring of Eptud {Will+ EV+4}
 10886 | D:8      | HP: 3/99 [centaur warrior (3)]
 10887 | D:8      | Killed a centaur warrior
 11393 | D:8      | Noticed a cyclops
 11404 | D:8      | Killed a cyclops
 11568 | D:8      | Found a runed translucent gate.
 11569 | D:8      | Found a runed translucent gate.
 11569 | D:8      | Found a runed translucent gate.
 11571 | D:8      | Noticed DEFE's ghost (novice OpFi)
 11573 | D:8      | Identified the +3 plate armour of the Gate {rPois rN+++
                  | Str-4 Int-4}
 11643 | D:8      | Noticed a deep elf pyromancer
 11647 | D:8      | Killed a deep elf pyromancer
 11710 | D:8      | Found a runed translucent door.
 11710 | D:8      | Noticed a boulder beetle
 11711 | D:8      | Noticed a centaur warrior
 11718 | D:8      | Identified the ring "Deamuric" {Fire Will- rCorr Int+2
                  | Stlth+}
 11734 | D:8      | Reached skill level 9 in Unarmed Combat
 12087 | D:8      | Noticed a two-headed ogre
 12088 | D:8      | Noticed a centaur warrior
 12090 | D:8      | Found a runed translucent door.
 12090 | D:8      | Found a runed translucent door.
 12117 | D:8      | Reached XP level 11. HP: 80/91 MP: 14/19
 12387 | D:8      | Killed DEFE's ghost
 13712 | D:9      | Noticed a two-headed ogre
 13723 | D:9      | Killed a two-headed ogre
 14217 | D:9      | Noticed a two-headed ogre
 14227 | D:9      | Killed a two-headed ogre
 14660 | D:10     | Entered Level 10 of the Dungeon
 14670 | D:10     | Noticed a two-headed ogre
 14682 | D:10     | Killed a two-headed ogre
 15073 | D:10     | Reached skill level 10 in Unarmed Combat
 15262 | D:10     | Noticed a stone giant
 15286 | D:10     | HP: 2/110 [stone giant (9)]
 15288 | D:10     | Slain by a stone giant

Illustrated notes

Levels and vault maps discovered:
D:1:      sevenhm_arrival_forest_fort_large_4, layout_loops_ring,
          nicolae_ecumenical_lake_church
D:2:      layout_basic
D:3:      layout_basic, jmf_multi_god_temple2, nicolae_wormholes
D:4:      layout_loops_corners, eat_drink_and_be_merry_uskayaw, serial_glass,
          glass_columns_c, glass_columns_b, uniq_sigmund, uniq_grinder
D:5:      layout_layer_cave, serial_shops, nicolae_square_shop, uniq_pikel
D:6:      hellmonk_crumbling_castle, layout_cave_pools,
          minmay_temple_entry_antechambers, hangedman_decor_opposing
D:7:      layout_basic
D:8:      minmay_the_grid_triangle_9x9_recursive_2
          [minmay_the_grid_triangle_9x9_prize_special,
          minmay_the_grid_triangle_9x9_fully_insulated_deathbox,
          minmay_the_grid_triangle_9x9_cache,
          minmay_the_grid_triangle_9x9_intruding_spiral], layout_basic,
          biasface_ghost_orc_armoury
D:9:      layout_long_grid, minmay_misc_feat_hallway
D:10:     layout_cave_pools, hangedman_decor_slide_cut, wad_scary_box
Temple:   mainiacjoe_temple_bowtie_tessellation

Skill      XL: |  1  2  3  4  5  6  7  8  9 10 11 |
---------------+----------------------------------+-----
Dodging        | 2 3 4 5 6 |  6.3
Fighting       | 2 3 4 5 6 7 |  7.4
Poison Magic   | 1 2 |  2.0
Transmutations | 3 4 6 7 8 9 |  9.8
Unarmed Combat | 4 5 6 7 9 10 | 10.0
Ice Magic      | 1 2 4 5 |  5.0
Spellcasting   | 3 4 5 6 |  6.4

Action                   |  1- 3 |  4- 6 |  7- 9 | 10-12 || total
-------------------------+-------+-------+-------+-------++-------
Melee: Unarmed           |   137 |   127 |   161 |   206 ||   631
       Kick              |    18 |    10 |     5 |       ||    33
       Tailslap          |    15 |     5 |     7 |       ||    27
       Headbutt          |     6 |     4 |     4 |       ||    14
       Punch             |     2 |     1 |     3 |       ||     6
 Cast: Beastly Appendage |    29 |    13 |     6 |     2 ||    50
       Spider Form       |       |     9 |    10 |       ||    19
       Ice Form          |       |       |     7 |    28 ||    35
Invok: Sacrifice Purity  |       |       |       |     1 ||     1
 Abil: Breathe Steam     |       |       |    13 |    12 ||    25
       End Transformatio |       |       |       |     1 ||     1
  Use: Scroll            |     7 |     3 |     8 |     3 ||    21
       Potion            |       |     1 |       |     2 ||     3
 Stab: Distracted        |     1 |       |       |       ||     1
       Sleeping          |     1 |     1 |       |       ||     2
Armor: Skin              |    40 |    14 |    33 |    52 ||   139
Dodge: Dodged            |   140 |    82 |   132 |   157 ||   511

Table legend: (Time is in decaauts)
 A = Elapsed time spent in this place.
 B = Non-inter-level travel time spent in this place.
 C = Inter-level travel time spent in this place.
 D = Time resting spent in this place.
 E = Time spent auto-exploring this place.
 F = Levels seen in this place.
 G = Mean time per level.
                   A        B        C        D        E       F      G
               +--------+--------+--------+--------+--------+-----+--------+
         Total |  15225 |  14830 |    395 |   3032 |  10132 |  11 | 1384.1 |
       Dungeon |  14978 |  14629 |    349 |   3032 |   9945 |  10 | 1497.8 |
        Temple |    246 |    201 |     45 |      0 |    187 |   1 |  246.0 |
               +--------+--------+--------+--------+--------+-----+--------+

Top non-repeatable levels by time:
     D:8: 3447 daAuts
     D:4: 2678 daAuts
     D:9: 1568 daAuts
     D:2: 1295 daAuts
     D:1: 1216 daAuts
     D:5: 1192 daAuts
     D:3: 1165 daAuts
     D:6: 945 daAuts
     D:7: 840 daAuts
    D:10: 627 daAuts
  Temple: 246 daAuts
